 Dungeon Crawl Stone Soup version 0.30.1-4-g462c640d31 (webtiles) character file.

Game seed: 33539375974786607

81 growler the Slasher (level 4, -4/35 HPs)
             Began as a Formicid Fighter on Aug 31, 2023.
             Slain by an iguana (10 damage)
             ... on level 2 of the Dungeon.
             The game lasted 00:03:10 (1607 turns).

growler the Slasher (Formicid Fighter)              Turns: 1607, Time: 00:03:10

Health: -4/35      AC:  6    Str: 21    XL:     4   Next: 67%
Magic:  4/4        EV:  9    Int:  9    God:
Gold:   93         SH:  5    Dex: 13    Spells: 3/3 levels left

rFire   . . .        a - +0 long sword
rCold   . . .        c - +0 buckler
rNeg    . . .        b - +0 scale mail
rPois   .            (helmet unavailable)
rElec   .            (no cloak)
rCorr   .            (no gloves)
SInv    +            (no boots)
Will    .....        (no amulet) Stlth
                     (no ring)
HPRegen 0.25/turn    (no ring)
MPRegen 0.09/turn

%: no passive effects
@: no status effects
A: permanent stasis, dig shafts and tunnels, antennae 3, four strong arms
a: Dig, Shaft Self


You were on level 2 of the Dungeon.
You visited 1 branch of the dungeon, and saw 3 of its levels.

You collected 93 gold pieces.

Inventory:

Hand Weapons
 a - a +0 long sword (weapon)
Armour
 b - a +0 scale mail (worn)
 c - a +0 buckler (worn)
Jewellery
 j - a ring of positive energy
Scrolls
 e - a scroll of fog {unknown}
 h - a scroll of poison {unknown}
 k - a scroll of identify {unknown}
 n - a scroll of enchant armour {unknown}
Potions
 d - a potion of might
 f - a potion of mutation {unknown}
 g - 2 potions of brilliance {unknown}
 i - 2 potions of heal wounds {unknown}
 l - 3 potions of curing {unknown}
 m - a potion of attraction {unknown}


   Skills:
 - Level 3.2 Fighting
 + Level 4.5 Long Blades
 - Level 3.2 Armour
 - Level 4.0 Shields


You had 3 spell levels left.
You didn't know any spells.
Your spell library was empty.

Dungeon Overview and Level Annotations

Branches:
Dungeon (3/15)

Altars:


Innate Abilities, Weirdness & Mutations

You cannot be hasted, slowed, berserked, paralysed or teleported.
You can dig through walls and to a lower floor.
You have a pair of large antennae on your head. (SInv)
Your four strong arms can wield two-handed weapons with a shield.


Message History

The iguana bites you.
You barely miss the iguana.
The iguana is lightly wounded.
The iguana bites you.
You barely miss the iguana.
The iguana is lightly wounded.
The iguana barely misses you.
A kobold comes into view. It is wielding a +2 dagger of speed.
The iguana bites you but does no damage.
You closely miss the iguana.
The iguana is lightly wounded.
The kobold shouts!
The iguana closely misses you.
The kobold throws a stone.
You block the stone.
You hit the iguana.
The iguana is lightly wounded.
The iguana bites you but does no damage.
The kobold throws a stone.
The stone barely misses you.
The stone hits the iguana but does no damage.
The iguana attacks as you move away! The iguana bites you.
The kobold throws a stone.
The stone closely misses you.
The stone hits the iguana.
There is a stone staircase leading up here.
The iguana bites you.
You climb upwards.
There is a stone staircase leading down here.
You hit the iguana but do no damage.
The iguana is moderately wounded.
The iguana barely misses you.
You completely miss the iguana.
The iguana is moderately wounded.
The iguana bites you.
You hit the iguana but do no damage.
The iguana is moderately wounded.
You block the iguana's attack. The iguana bites you!
* * * LOW HITPOINT WARNING * * *
Unknown command.
The iguana attacks as you move away! The iguana misses you.
Are you sure you want to shaft yourself?
The iguana bites you!
You die...

###########
#..........
#..........
#####..........
#..............
#..............
#####..............
#.@l...............
#..................
#..............)...
#.....#.#....##.##.
#######.'....##..'.
###....#####.
#....# #.
#....#####.
#....#.....


You could see an iguana.

Vanquished Creatures
  4 adders
  A worm (D:2)
  A dart slug (D:1)
  9 bats
  3 endoplasms (D:1)
  A giant cockroach (D:1)
  3 goblins
  A hobgoblin (D:1)
  A quokka (D:1)
  3 ball pythons
  3 frilled lizards (D:2)
  8 kobolds
  4 rats
42 creatures vanquished.

Notes
Turn   | Place    | Note
-------+----------+-------------------------------------------
     0 | D:1      | growler the Formicid Fighter began the quest for the Orb.
     0 | D:1      | Reached XP level 1. HP: 18/18 MP: 1/1
   165 | D:1      | Reached XP level 2. HP: 23/24 MP: 2/2
   517 | D:1      | Reached XP level 3. HP: 13/29 MP: 3/3
   837 | D:2      | Reached XP level 4. HP: 32/35 MP: 4/4
   972 | D:2      | Found a faded altar of an unknown god.
  1607 | D:2      | Slain by an iguana

Illustrated notes

Levels and vault maps discovered:
D:1:      erik_arrival_orb_chamber, layout_loops_ring, kennysheep_flooded_box,
          minmay_3d_cube
D:2:      layout_basic, shapermc_ecumenical_altar_totnotflames
D:3:      layout_loops_corners, mainiacjoe_overflow_small_starburst,
          makhleb_altar_promises_db, mainiacjoe_overflow_24_doors,
          serial_bayou_lagoon_a, chequers_serial_rivers_small_3

Skill      XL: |  1  2  3 |
---------------+----------+-----
Long Blades    | 3 4 |  4.5
Fighting       | |  3.2
Armour         | |  3.2
Shields        | |  4.0

Action                     |  1- 3 |  4- 6 || total
---------------------------+-------+-------++-------
  Melee: Long sword        |    74 |    62 ||   136
Ability: Shaft Self        |       |     1 ||     1
 Armour: Scale mail        |    43 |    25 ||    68
  Dodge: Dodged            |    31 |    31 ||    62
  Block: Buckler           |    15 |    11 ||    26
